Capitals vs Red Wings
Created - April 22, 2020 at 19:03
Goals
|
Capitals |
0 |
2 |
1 |
0 |
0 |
3 |
Red Wings |
3 |
0 |
0 |
0 |
1 |
4 |
|
Shots
|
Capitals |
8 |
15 |
4 |
0 |
4 |
27 |
Red Wings |
9 |
17 |
10 |
3 |
4 |
39 |
|
1st period
1. Red Wings , David Krejci 15 (Ryan O'Byrne 10) at 4:12
2. Red Wings , Mike Richards 33 (Connor Brown 48, Jordin Tootoo 23) at 7:16
3. Red Wings , Tye McGinn 2 (Nick Bjugstad 36) at 13:05
Penalties :
Connor Brown (Det) for Hooking (Minor) at 9:50, Ryan Suter (Was) for Tripping (Minor) at 14:01, Mike Richards (Det) for Hooking (Minor) at 14:05
2nd period
4. Capitals , T.J. Oshie 12 (Jeff Skinner 13, Peter Worrell 13) at 6:24
5. Capitals , Thomas Vanek 25 (Joe Pavelski 37, PK Subban 24) at 11:59
Penalties :
Dan Hamhuis (Was) for Roughing (Minor) at 2:23, Ondrej Palat (Was) for Roughing (Minor) at 8:46
3rd period
6. Capitals , Joe Pavelski 22 (Dan Hamhuis 12) at 1:51
Penalties :
Mikko Koivu (Was) for Goalie Interference (Minor) at 3:44, David Krejci (Det) for Hooking (Minor) at 6:40
Overtime #1
No Goal
Penalties :
No Penalty
Shootout
Capitals, Joe Thornton - Stopped by James Reimer
Red Wings, Mike Richards - Stopped by Tuukka Rask
Capitals, Joe Pavelski - Stopped by James Reimer
Red Wings, Carson Mcmillan - Stopped by Tuukka Rask
Capitals, Thomas Vanek - Stopped by James Reimer
Red Wings, Nick Bjugstad - Stopped by Tuukka Rask
Capitals, Patrick Sharp - Stopped by James Reimer
Red Wings, Alex Picard - Goal!
Penalties :
No Penalty
Goalie Stats
Tuukka Rask (Was), 36 saves from 39 shots - (0.923), OTL, 24-18-6, 65:00 minutes
James Reimer (Det), 24 saves from 27 shots - (0.889), W, 28-22-5, 65:00 minutes
Players Stats for Capitals
Player Name G A P +/- PIM S H SB GA TA FO MP PP MP PK MP
------------------------------------------------------------------------------------
Brent Burns 0 0 0 -1 0 2 3 3 1 0 0/0 31:43 2:27 3:07
Brian McGrattan 0 0 0 -2 0 2 0 0 1 0 0/2 15:23 2:10 0:00
Dan Hamhuis 0 1 1 -1 2 0 0 2 1 2 0/0 21:33 1:01 2:11
Jeff Skinner 0 1 1 -1 0 3 3 0 0 2 1/2 15:42 0:48 0:00
Joe Pavelski 1 1 2 2 0 4 1 0 1 1 1/2 28:00 1:18 3:22
Joe Thornton 0 0 0 0 0 0 0 0 0 0 6/10 9:13 1:13 3:26
Josh Manson 0 0 0 0 0 0 1 0 0 0 0/0 4:57 0:34 0:10
Mikko Koivu 0 0 0 0 2 2 2 2 1 0 1/3 17:16 0:23 0:00
Ondrej Palat 0 0 0 -3 2 0 0 0 0 0 0/0 5:56 0:00 0:45
Patrick Sharp 0 0 0 2 0 2 1 0 3 0 6/19 24:31 2:11 1:24
Peter Worrell 0 1 1 1 0 0 0 0 1 1 0/0 10:53 0:00 0:23
PK Subban 0 1 1 -2 0 0 2 2 0 2 0/0 30:12 2:27 3:07
Roman Josi 0 0 0 1 0 1 0 0 0 0 1/4 11:48 0:00 0:33
Ryan Getzlaf 0 0 0 0 0 2 0 1 0 0 7/15 14:24 2:10 0:00
Ryan Suter 0 0 0 2 2 1 0 0 1 0 0/0 11:08 0:38 0:00
T.J. Oshie 1 0 1 1 0 1 0 1 1 0 0/0 12:56 0:00 1:18
Thomas Vanek 1 0 1 2 0 5 2 0 1 0 0/1 24:15 1:49 1:24
Torey Krug 0 0 0 -1 0 2 3 2 0 2 0/0 22:10 1:01 2:54
Players Stats for Red Wings
Player Name G A P +/- PIM S H SB GA TA FO MP PP MP PK MP
------------------------------------------------------------------------------------
Alex Picard 0 0 0 1 0 5 2 0 0 2 0/0 23:19 3:31 0:45
Andrew Alberts 0 0 0 -1 0 0 1 2 0 0 0/0 17:22 0:00 2:18
Carson Mcmillan 0 0 0 0 0 0 1 0 1 2 0/1 10:31 0:00 2:05
Chris Kelly 0 0 0 -1 0 0 1 2 0 1 3/5 13:02 0:00 1:59
Connor Brown 0 1 1 1 2 6 1 1 1 1 0/1 23:10 3:30 0:03
David Krejci 1 0 1 -1 2 2 0 0 1 0 3/6 9:38 0:07 0:00
Jiri Fischer 0 0 0 2 0 0 0 0 1 1 0/0 22:21 2:29 1:40
Jordin Tootoo 0 1 1 0 0 1 0 0 1 0 0/1 17:43 2:27 0:00
Karl Alzner 0 0 0 2 0 1 0 3 1 0 0/0 19:56 3:32 0:00
Michael Haley 0 0 0 0 0 1 0 0 0 1 0/0 9:58 0:00 1:09
Mike Richards 1 0 1 1 2 5 5 0 1 0 19/28 23:08 3:29 0:51
Nick Bjugstad 0 1 1 0 0 4 0 0 0 0 8/13 18:05 2:27 0:03
Petr Pohl 0 0 0 -1 0 0 0 1 0 0 0/1 9:30 0:04 0:00
Petter Granberg 0 0 0 -1 0 0 0 1 1 3 0/0 22:04 2:29 2:18
Philip Samuelsson 0 0 0 -1 0 5 1 0 1 1 0/0 25:17 3:32 0:04
Riley Armstrong 0 0 0 0 0 2 2 0 0 0 2/2 9:41 0:00 1:09
Ryan O'Byrne 0 1 1 -1 0 3 1 0 0 0 0/0 23:00 0:00 1:44
Tye McGinn 1 0 1 0 0 4 2 0 1 0 0/0 16:15 2:27 0:00
3 Stars
1 - Joe Pavelski (Was)
2 - Thomas Vanek (Was)
3 - Mike Richards (Det)
Power Play
Capitals - 0 on 3 Attempt(s) - 0.00%
Red Wings - 0 on 4 Attempt(s) - 0.00%
Penalty Kill
Capitals - 4 on 4 Attempt(s) - 100.00%
- Score 0 goal in Penalty Kill
Red Wings - 3 on 3 Attempt(s) - 100.00%
- Score 0 goal in Penalty Kill
Team Stat
Capitals - Hits : 18 - Faceoff Wins : 23 - Blocked Shots : 13 - Penalty Minutes : 8
Red Wings - Hits : 17 - Faceoff Wins : 35 - Blocked Shots : 10 - Penalty Minutes : 6
Official
Referees : Unknown
Linesman : Unknown
Game Notes
No Game Note
Finance
Level 1 -- Attendance: 5124 (85.40%) -- Ticket Income $548,268
Level 2 -- Attendance: 3609 (72.18%) -- Ticket Income $256,239
Level 3 -- Attendance: 1424 (71.20%) -- Ticket Income $68,352
Level 4 -- Attendance: 3203 (80.08%) -- Ticket Income $105,699
Luxury Box -- Attendance: 869 (86.90%) -- Ticket Income $165,110
Game was played at the Joe Louis Arena.
Total Attendance: 14229 (79.05%)
Total Ticket Income: $1,143,668
Other Income: $171,550
Total Income: $1,315,218
Capitals
5 vs 5 Forward
Center Left Wing Right Wing Time % Phy DF OF
1 Patrick Sharp Thomas Vanek Joe Pavelski 40 1 2 2
2 Ryan Getzlaf Mikko Koivu Brian McGrattan 30 1 2 2
3 Roman Josi Peter Worrell T.J. Oshie 20 1 2 2
4 Jeff Skinner Ondrej Palat PK Subban 10 1 2 2
5 vs 5 Defense
Defense Defense Time % Phy DF OF
1 Brent Burns PK Subban 40 1 2 2
2 Torey Krug Dan Hamhuis 30 1 2 2
3 Ryan Suter Jeff Skinner 20 1 2 2
4 Josh Manson Brent Burns 10 1 2 2
PowerPlay Forward
Center Left Wing Right Wing Time % Phy DF OF
1 Joe Thornton Thomas Vanek Joe Pavelski 60 1 2 2
2 Ryan Getzlaf Patrick Sharp Brian McGrattan 40 1 2 2
PowerPlay Defense
Defense Defense Time % Phy DF OF
1 Brent Burns PK Subban 60 1 2 2
2 Torey Krug Dan Hamhuis 40 1 2 2
Penalty Kill 4 Players Forward
Center Wing Time % Phy DF OF
1 Joe Thornton Joe Pavelski 60 1 2 2
2 Thomas Vanek Patrick Sharp 40 1 2 2
Penalty Kill 4 Players Defense
Defense Defense Time % Phy DF OF
1 Brent Burns PK Subban 60 1 2 2
2 Torey Krug Dan Hamhuis 40 1 2 2
Penalty Kill - 3 Players Forward
Forward Time % Phy DF OF
1 Joe Thornton 60 1 2 2
2 Joe Pavelski 40 1 2 2
Penalty Kill - 3 Players Defense
Defense Defense Time % Phy DF OF
1 Brent Burns PK Subban 60 1 2 2
2 Torey Krug Dan Hamhuis 40 1 2 2
4 vs 4 Forward
Center Wing Time % Phy DF OF
1 Joe Thornton Joe Pavelski 60 1 2 2
2 Thomas Vanek Patrick Sharp 40 1 2 2
4 vs 4 Defense
Defense Defense Time % Phy DF OF
1 Brent Burns PK Subban 60 1 2 2
2 Torey Krug Dan Hamhuis 40 1 2 2
Last Minutes Offensive
Center Left Wing Right Wing Defense Defense
Joe Thornton Thomas Vanek Joe Pavelski Brent Burns PK Subban
Last Minutes Defensive
Center Left Wing Right Wing Defense Defense
Joe Thornton Thomas Vanek Joe Pavelski Brent Burns PK Subban
Goaltenders
Starting : Tuukka Rask
Backup : Mike Smith
Extra Forwards
Normal : Jeff Skinner, Mikko Koivu, T.J. Oshie - PP : Jeff Skinner, Mikko Koivu - PK : T.J. Oshie
Extra Defensemen
Normal : Ryan Suter, Roman Josi, Josh Manson - PP : Ryan Suter - PK : Roman Josi, Josh Manson
Penalty Shots
Joe Thornton, Joe Pavelski, Thomas Vanek, Patrick Sharp, Ryan Getzlaf
Scratches
Ryan Nugent-Hopkins (Healthy), Jason Pominville (Healthy)
Red Wings
5 vs 5 Forward
Center Left Wing Right Wing Time % Phy DF OF
1 Mike Richards Alex Picard Connor Brown 40 0 2 3
2 Nick Bjugstad Tye McGinn Jordin Tootoo 30 0 2 3
3 David Krejci Chris Kelly Petr Pohl 20 2 2 1
4 Riley Armstrong Michael Haley Carson Mcmillan 10 0 2 3
5 vs 5 Defense
Defense Defense Time % Phy DF OF
1 Philip Samuelsson Ryan O'Byrne 40 0 2 3
2 Karl Alzner Jiri Fischer 30 0 2 3
3 Petter Granberg Andrew Alberts 20 1 2 2
4 Petter Granberg Andrew Alberts 10 1 2 2
PowerPlay Forward
Center Left Wing Right Wing Time % Phy DF OF
1 Mike Richards Alex Picard Connor Brown 60 0 1 4
2 Nick Bjugstad Tye McGinn Jordin Tootoo 40 0 1 4
PowerPlay Defense
Defense Defense Time % Phy DF OF
1 Philip Samuelsson Karl Alzner 60 0 2 3
2 Petter Granberg Jiri Fischer 40 0 2 3
Penalty Kill 4 Players Forward
Center Wing Time % Phy DF OF
1 Chris Kelly Carson Mcmillan 60 1 2 2
2 Riley Armstrong Michael Haley 40 1 2 2
Penalty Kill 4 Players Defense
Defense Defense Time % Phy DF OF
1 Andrew Alberts Petter Granberg 60 1 2 2
2 Jiri Fischer Ryan O'Byrne 40 1 2 2
Penalty Kill - 3 Players Forward
Forward Time % Phy DF OF
1 Carson Mcmillan 60 1 2 2
2 Michael Haley 40 1 2 2
Penalty Kill - 3 Players Defense
Defense Defense Time % Phy DF OF
1 Andrew Alberts Ryan O'Byrne 60 1 2 2
2 Jiri Fischer Petter Granberg 40 1 2 2
4 vs 4 Forward
Center Wing Time % Phy DF OF
1 Mike Richards Connor Brown 60 1 2 2
2 Nick Bjugstad Alex Picard 40 1 2 2
4 vs 4 Defense
Defense Defense Time % Phy DF OF
1 Philip Samuelsson Ryan O'Byrne 60 1 2 2
2 Petter Granberg Jiri Fischer 40 1 2 2
Last Minutes Offensive
Center Left Wing Right Wing Defense Defense
Mike Richards Alex Picard Connor Brown Philip Samuelsson Karl Alzner
Last Minutes Defensive
Center Left Wing Right Wing Defense Defense
Riley Armstrong Michael Haley Carson Mcmillan Andrew Alberts Ryan O'Byrne
Goaltenders
Starting : James Reimer
Backup : Josh Harding
Extra Forwards
Normal : Connor Brown, Nick Bjugstad, Jordin Tootoo - PP : David Krejci, Petr Pohl - PK : Mike Richards
Extra Defensemen
Normal : Philip Samuelsson, Karl Alzner, Andrew Alberts - PP : Andrew Alberts - PK : Philip Samuelsson, Karl Alzner
Penalty Shots
Mike Richards, Carson Mcmillan, Nick Bjugstad, Alex Picard, Jordin Tootoo
Scratches
Anton Volchenkov (Herniated Disc Injury), Dany Heatley (Healthy), Jakub Kindl (Groin Injury)
% Time on Ice - Capitals
Lines # - Real PCT - Wanted PCT - Time Play
Normal Forward
1 - 42% - 40% - 20:06
2 - 25% - 30% - 12:14
3 - 22% - 20% - 10:30
4 - 11% - 10% - 5:12
Normal Defense
1 - 38% - 40% - 18:21
2 - 33% - 30% - 15:42
3 - 20% - 20% - 9:46
4 - 9% - 10% - 4:13
PP Forward
1 - 45% - 60% - 1:48
2 - 55% - 40% - 2:14
PP Defense
1 - 75% - 60% - 3:01
2 - 25% - 40% - 1:01
PK Forward
1 - 77% - 60% - 4:37
2 - 23% - 40% - 1:24
PK Defense
1 - 52% - 60% - 3:07
2 - 48% - 40% - 2:54
PK3 Forward
1 - 0% - 60%
2 - 0% - 40%
PK3 Defense
1 - 0% - 60%
2 - 0% - 40%
44 Forward
1 - 74% - 60% - 5:06
2 - 26% - 40% - 1:49
44 Defense
1 - 63% - 60% - 4:22
2 - 37% - 40% - 2:33
Last Minute Offensive - 0:00
Last Minute Defensive - 0:00
Total
Forward - 65:00
Defense - 65:00
|
% Time on Ice - Red Wings
Lines # - Real PCT - Wanted PCT - Time Play
Normal Forward
1 - 37% - 40% - 17:59
2 - 27% - 30% - 13:06
3 - 18% - 20% - 8:48
4 - 17% - 10% - 8:09
Normal Defense
1 - 38% - 40% - 18:28
2 - 32% - 30% - 15:30
3 - 18% - 20% - 8:52
4 - 11% - 10% - 5:12
PP Forward
1 - 59% - 60% - 3:34
2 - 41% - 40% - 2:27
PP Defense
1 - 59% - 60% - 3:32
2 - 41% - 40% - 2:29
PK Forward
1 - 71% - 60% - 2:53
2 - 29% - 40% - 1:09
PK Defense
1 - 59% - 60% - 2:22
2 - 41% - 40% - 1:40
PK3 Forward
1 - 0% - 60%
2 - 0% - 40%
PK3 Defense
1 - 0% - 60%
2 - 0% - 40%
44 Forward
1 - 91% - 60% - 6:17
2 - 9% - 40% - 0:38
44 Defense
1 - 61% - 60% - 4:13
2 - 39% - 40% - 2:42
Last Minute Offensive - 0:00
Last Minute Defensive - 0:00
Total
Forward - 65:00
Defense - 65:00
|
Play-by-Play
1st period
0:01 of 1st period - Mike Richards wins face-off versus Patrick Sharp in neutral zone.
0:51 of 1st period - Torey Krug is hit by Riley Armstrong and loses puck.
2:13 of 1st period - Brent Burns is hit by Riley Armstrong and loses puck.
3:53 of 1st period - Snap shot by Mike Richards.
3:53 of 1st period - Shot Misses the Net.
4:07 of 1st period - Brian McGrattan is hit by Chris Kelly and loses puck.
4:12 of 1st period - Wrist shot by David Krejci.
4:12 of 1st period - Goal by David Krejci - Capitals : 0 - Red Wings : 1.
4:13 of 1st period - Mike Richards wins face-off versus Patrick Sharp in neutral zone.
4:20 of 1st period - Snap shot by Mike Richards.
4:20 of 1st period - Stopped by Tuukka Rask with a rebound.
4:22 of 1st period - Slapshot by Alex Picard.
4:22 of 1st period - Stopped by Tuukka Rask without a rebound.
4:23 of 1st period - Mike Richards wins face-off versus Patrick Sharp in Capitals zone.
4:26 of 1st period - Wrist shot by Mike Richards.
4:26 of 1st period - Stopped by Tuukka Rask without a rebound.
4:27 of 1st period - Patrick Sharp wins face-off versus Nick Bjugstad in Capitals zone.
4:32 of 1st period - Philip Samuelsson is hit by PK Subban and loses puck.
5:00 of 1st period - Ryan Getzlaf is hit by Philip Samuelsson and loses puck.
5:41 of 1st period - Slapshot by Jeff Skinner.
5:41 of 1st period - Stopped by James Reimer with a rebound.
7:16 of 1st period - Wrist shot by Mike Richards.
7:16 of 1st period - Goal by Mike Richards - Capitals : 0 - Red Wings : 2.
7:17 of 1st period - Mike Richards wins face-off versus Patrick Sharp in neutral zone.
7:41 of 1st period - Icing by Patrick Sharp.
7:42 of 1st period - Ryan Getzlaf wins face-off versus Nick Bjugstad in Capitals zone.
7:49 of 1st period - Wrist shot by Nick Bjugstad.
7:49 of 1st period - Shot Blocked by Dan Hamhuis.
7:51 of 1st period - Wrist shot by Jordin Tootoo.
7:51 of 1st period - Shot Misses the Net.
7:53 of 1st period - Slapshot by Andrew Alberts.
7:53 of 1st period - Deflect By Nick Bjugstad.
7:53 of 1st period - Stopped by Tuukka Rask with a rebound.
7:55 of 1st period - Slapshot by Petter Granberg.
7:55 of 1st period - Shot Misses the Net.
7:57 of 1st period - Slapshot by Petter Granberg.
7:57 of 1st period - Shot Blocked by Ryan Getzlaf.
8:16 of 1st period - Snap shot by Ryan Getzlaf.
8:16 of 1st period - Stopped by James Reimer without a rebound.
8:17 of 1st period - Mike Richards wins face-off versus Patrick Sharp in Red Wings zone.
8:46 of 1st period - Snap shot by Mikko Koivu.
8:46 of 1st period - Shot Hit the Post.
8:50 of 1st period - Snap shot by Mikko Koivu.
8:50 of 1st period - Stopped by James Reimer without a rebound.
8:51 of 1st period - Nick Bjugstad wins face-off versus Mikko Koivu in Red Wings zone.
9:50 of 1st period - Minor Penalty to Connor Brown for Hooking.
9:51 of 1st period - Ryan Getzlaf wins face-off versus Chris Kelly in Red Wings zone.
10:19 of 1st period - Slapshot by Patrick Sharp.
10:19 of 1st period - Stopped by James Reimer with a rebound.
10:21 of 1st period - Slapshot by PK Subban.
10:21 of 1st period - Shot Blocked by Chris Kelly.
10:23 of 1st period - Wrist shot by Brian McGrattan.
10:23 of 1st period - Shot Blocked by Petter Granberg.
10:25 of 1st period - Snap shot by Patrick Sharp.
10:25 of 1st period - Shot Misses the Net.
10:27 of 1st period - Snap shot by Brian McGrattan.
10:27 of 1st period - Stopped by James Reimer with a rebound.
10:29 of 1st period - Snap shot by Brian McGrattan.
10:29 of 1st period - Stopped by James Reimer without a rebound.
10:30 of 1st period - Joe Thornton wins face-off versus Chris Kelly in Red Wings zone.
11:50 of 1st period - Penalty to Connor Brown is over, Connor Brown is back on ice.
12:24 of 1st period - Mike Richards is hit by Jeff Skinner.
13:05 of 1st period - Wrist shot by Tye McGinn.
13:05 of 1st period - Goal by Tye McGinn - Capitals : 0 - Red Wings : 3.
13:06 of 1st period - Patrick Sharp wins face-off versus David Krejci in neutral zone.
14:01 of 1st period - Minor Penalty to Ryan Suter for Tripping.
14:02 of 1st period - Mike Richards wins face-off versus Joe Thornton in Capitals zone.
14:05 of 1st period - Minor Penalty to Mike Richards for Hooking.
14:06 of 1st period - Joe Thornton wins face-off versus Nick Bjugstad in Red Wings zone.
15:34 of 1st period - Nick Bjugstad is hit by Jeff Skinner and loses puck.
15:44 of 1st period - Icing by Torey Krug.
15:45 of 1st period - Joe Thornton wins face-off versus Jordin Tootoo in Capitals zone.
16:01 of 1st period - Penalty to Ryan Suter is over, Ryan Suter is back on ice.
16:05 of 1st period - Penalty to Mike Richards is over, Mike Richards is back on ice.
16:10 of 1st period - Carson Mcmillan is hit by Mikko Koivu and loses puck.
16:19 of 1st period - Wrist shot by Brian McGrattan.
16:19 of 1st period - Shot Hit the Post.
16:21 of 1st period - Slapshot by Torey Krug.
16:21 of 1st period - Stopped by James Reimer without a rebound.
16:22 of 1st period - Nick Bjugstad wins face-off versus Patrick Sharp in Red Wings zone.
16:49 of 1st period - Snap shot by Mike Richards.
16:49 of 1st period - Stopped by Tuukka Rask with a rebound.
17:04 of 1st period - Off-side.
17:05 of 1st period - Chris Kelly wins face-off versus Ryan Getzlaf in neutral zone.
18:24 of 1st period - Slapshot by Riley Armstrong.
18:24 of 1st period - Stopped by Tuukka Rask with a rebound.
18:26 of 1st period - Slapshot by Carson Mcmillan.
18:26 of 1st period - Shot Misses the Net.
18:42 of 1st period - Snap shot by Petr Pohl.
18:42 of 1st period - Shot Misses the Net.
19:18 of 1st period - Brent Burns is hit by Mike Richards and loses puck.
19:37 of 1st period - Snap shot by Joe Pavelski.
19:37 of 1st period - Shot Misses the Net.
19:39 of 1st period - Wrist shot by Patrick Sharp.
19:39 of 1st period - Stopped by James Reimer without a rebound.
19:40 of 1st period - Nick Bjugstad wins face-off versus Brian McGrattan in Red Wings zone.
Goals for this period are 0 for Capitals vs 3 for Red Wings.
Shots for this period are 8 for Capitals vs 9 for Red Wings.
2nd period
0:01 of 2nd period - Nick Bjugstad wins face-off versus Joe Pavelski in neutral zone.
0:12 of 2nd period - Slapshot by Tye McGinn.
0:12 of 2nd period - Shot Blocked by Brent Burns.
0:14 of 2nd period - Wrist shot by Jordin Tootoo.
0:14 of 2nd period - Deflect By Tye McGinn.
0:14 of 2nd period - Shot Blocked by Brent Burns.
0:14 of 2nd period - Puck is out of play.
0:15 of 2nd period - Mike Richards wins face-off versus Ryan Getzlaf in Capitals zone.
0:18 of 2nd period - Snap shot by Mike Richards.
0:18 of 2nd period - Shot Misses the Net.
0:30 of 2nd period - Slapshot by Mikko Koivu.
0:30 of 2nd period - Deflect By Ryan Getzlaf.
0:30 of 2nd period - Shot Misses the Net.
0:30 of 2nd period - Puck is out of play.
0:31 of 2nd period - David Krejci wins face-off versus Patrick Sharp in Red Wings zone.
0:45 of 2nd period - David Krejci is hit by Thomas Vanek.
1:15 of 2nd period - Wrist shot by Thomas Vanek.
1:15 of 2nd period - Stopped by James Reimer with a rebound.
1:17 of 2nd period - Slapshot by Brent Burns.
1:17 of 2nd period - Stopped by James Reimer with a rebound.
1:19 of 2nd period - Slapshot by Brent Burns.
1:19 of 2nd period - Shot Blocked by Andrew Alberts.
1:21 of 2nd period - Slapshot by Patrick Sharp.
1:21 of 2nd period - Shot Misses the Net.
1:41 of 2nd period - Snap shot by Thomas Vanek.
1:41 of 2nd period - Stopped by James Reimer with a rebound.
1:45 of 2nd period - Snap shot by Thomas Vanek.
1:45 of 2nd period - Stopped by James Reimer without a rebound.
1:46 of 2nd period - Mike Richards wins face-off versus Ryan Getzlaf in Red Wings zone.
2:01 of 2nd period - Snap shot by Philip Samuelsson.
2:01 of 2nd period - Stopped by Tuukka Rask without a rebound.
2:02 of 2nd period - David Krejci wins face-off versus Roman Josi in Capitals zone.
2:03 of 2nd period - Snap shot by Petr Pohl.
2:03 of 2nd period - Shot Blocked by Torey Krug.
2:05 of 2nd period - Slapshot by Karl Alzner.
2:05 of 2nd period - Deflect By David Krejci.
2:05 of 2nd period - Stopped by Tuukka Rask with a rebound.
2:07 of 2nd period - Snap shot by Chris Kelly.
2:07 of 2nd period - Shot Blocked by T.J. Oshie.
2:09 of 2nd period - Snap shot by Chris Kelly.
2:09 of 2nd period - Shot Misses the Net.
2:23 of 2nd period - Minor Penalty to Dan Hamhuis for Roughing.
2:24 of 2nd period - Joe Thornton wins face-off versus Mike Richards in Capitals zone.
2:33 of 2nd period - Snap shot by Connor Brown.
2:33 of 2nd period - Shot Misses the Net.
2:35 of 2nd period - Slapshot by Connor Brown.
2:35 of 2nd period - Deflect By Alex Picard.
2:35 of 2nd period - Stopped by Tuukka Rask with a rebound.
2:37 of 2nd period - Wrist shot by Connor Brown.
2:37 of 2nd period - Stopped by Tuukka Rask without a rebound.
2:38 of 2nd period - Joe Thornton wins face-off versus Mike Richards in Capitals zone.
2:47 of 2nd period - Joe Pavelski is hit by Alex Picard and loses puck.
4:23 of 2nd period - Penalty to Dan Hamhuis is over, Dan Hamhuis is back on ice.
4:24 of 2nd period - PK Subban is hit by Connor Brown and loses puck.
4:41 of 2nd period - Wrist shot by Brian McGrattan.
4:41 of 2nd period - Deflect By Ryan Getzlaf.
4:41 of 2nd period - Shot Blocked by Chris Kelly.
4:41 of 2nd period - Puck is out of play.
4:42 of 2nd period - Ryan Getzlaf wins face-off versus Petr Pohl in Red Wings zone.
4:45 of 2nd period - Snap shot by Ryan Getzlaf.
4:45 of 2nd period - Stopped by James Reimer without a rebound.
4:46 of 2nd period - David Krejci wins face-off versus Brian McGrattan in Red Wings zone.
5:14 of 2nd period - Wrist shot by Roman Josi.
5:14 of 2nd period - Stopped by James Reimer without a rebound.
5:15 of 2nd period - Nick Bjugstad wins face-off versus Roman Josi in Red Wings zone.
6:20 of 2nd period - Snap shot by Peter Worrell.
6:20 of 2nd period - Shot Misses the Net.
6:22 of 2nd period - Snap shot by Jeff Skinner.
6:22 of 2nd period - Stopped by James Reimer with a rebound.
6:24 of 2nd period - Slapshot by T.J. Oshie.
6:24 of 2nd period - Deflect By Tye McGinn.
6:24 of 2nd period - Goal by T.J. Oshie - Capitals : 1 - Red Wings : 3.
6:25 of 2nd period - Mike Richards wins face-off versus Patrick Sharp in neutral zone.
6:58 of 2nd period - Snap shot by Joe Pavelski.
6:58 of 2nd period - Stopped by James Reimer without a rebound.
6:59 of 2nd period - Riley Armstrong wins face-off versus Ryan Getzlaf in Red Wings zone.
6:59 of 2nd period - Riley Armstrong is hit by Brent Burns.
8:05 of 2nd period - Snap shot by Tye McGinn.
8:05 of 2nd period - Shot Misses the Net.
8:07 of 2nd period - Snap shot by Tye McGinn.
8:07 of 2nd period - Stopped by Tuukka Rask with a rebound.
8:46 of 2nd period - Minor Penalty to Ondrej Palat for Roughing.
8:47 of 2nd period - Joe Thornton wins face-off versus Mike Richards in Capitals zone.
9:37 of 2nd period - Dan Hamhuis is hit by Mike Richards and loses puck.
10:46 of 2nd period - Penalty to Ondrej Palat is over, Ondrej Palat is back on ice.
11:02 of 2nd period - Slapshot by Mikko Koivu.
11:02 of 2nd period - Shot Blocked by Karl Alzner.
11:12 of 2nd period - Slapshot by Philip Samuelsson.
11:12 of 2nd period - Stopped by Tuukka Rask without a rebound.
11:13 of 2nd period - Riley Armstrong wins face-off versus Jeff Skinner in Capitals zone.
11:26 of 2nd period - Wrist shot by Brent Burns.
11:26 of 2nd period - Deflect By Petter Granberg.
11:26 of 2nd period - Stopped by James Reimer without a rebound.
11:27 of 2nd period - Nick Bjugstad wins face-off versus Ryan Getzlaf in Red Wings zone.
11:57 of 2nd period - Backhand shot by Joe Pavelski.
11:57 of 2nd period - Stopped by James Reimer with a rebound.
11:59 of 2nd period - Snap shot by Thomas Vanek.
11:59 of 2nd period - Goal by Thomas Vanek - Capitals : 2 - Red Wings : 3.
12:00 of 2nd period - Joe Pavelski wins face-off versus Mike Richards in neutral zone.
12:05 of 2nd period - Snap shot by Brent Burns.
12:05 of 2nd period - Shot Blocked by Karl Alzner.
12:07 of 2nd period - Wrist shot by Joe Pavelski.
12:07 of 2nd period - Shot Misses the Net.
12:25 of 2nd period - Jiri Fischer is hit by Patrick Sharp.
12:30 of 2nd period - Icing by Brent Burns.
12:31 of 2nd period - Patrick Sharp wins face-off versus Nick Bjugstad in Capitals zone.
13:07 of 2nd period - Slapshot by Ryan O'Byrne.
13:07 of 2nd period - Stopped by Tuukka Rask without a rebound.
13:08 of 2nd period - Mike Richards wins face-off versus Roman Josi in Capitals zone.
13:15 of 2nd period - Wrist shot by Alex Picard.
13:15 of 2nd period - Shot Misses the Net.
14:07 of 2nd period - Wrist shot by Philip Samuelsson.
14:07 of 2nd period - Stopped by Tuukka Rask without a rebound.
14:08 of 2nd period - Patrick Sharp wins face-off versus Connor Brown in Capitals zone.
14:13 of 2nd period - Wrist shot by Alex Picard.
14:13 of 2nd period - Stopped by Tuukka Rask without a rebound.
14:14 of 2nd period - Mike Richards wins face-off versus Patrick Sharp in Capitals zone.
14:17 of 2nd period - Slapshot by Philip Samuelsson.
14:17 of 2nd period - Stopped by Tuukka Rask with a rebound.
14:19 of 2nd period - Snap shot by Connor Brown.
14:19 of 2nd period - Stopped by Tuukka Rask without a rebound.
14:20 of 2nd period - Patrick Sharp wins face-off versus Mike Richards in Capitals zone.
14:35 of 2nd period - Joe Pavelski is hit by Mike Richards and loses puck.
14:46 of 2nd period - PK Subban is hit by Ryan O'Byrne and loses puck.
14:55 of 2nd period - Wrist shot by Nick Bjugstad.
14:55 of 2nd period - Stopped by Tuukka Rask with a rebound.
14:57 of 2nd period - Slapshot by Nick Bjugstad.
14:57 of 2nd period - Stopped by Tuukka Rask with a rebound.
14:59 of 2nd period - Wrist shot by Jordin Tootoo.
14:59 of 2nd period - Shot Blocked by PK Subban.
15:15 of 2nd period - Karl Alzner is hit by PK Subban and loses puck.
15:28 of 2nd period - Snap shot by Joe Pavelski.
15:28 of 2nd period - Shot Misses the Net.
16:24 of 2nd period - Slapshot by Patrick Sharp.
16:24 of 2nd period - Shot Misses the Net.
16:48 of 2nd period - Wrist shot by Thomas Vanek.
16:48 of 2nd period - Shot Blocked by Karl Alzner.
17:18 of 2nd period - Wrist shot by Thomas Vanek.
17:18 of 2nd period - Shot Misses the Net.
17:26 of 2nd period - Snap shot by Riley Armstrong.
17:26 of 2nd period - Stopped by Tuukka Rask with a rebound.
17:39 of 2nd period - Slapshot by Karl Alzner.
17:39 of 2nd period - Stopped by Tuukka Rask with a rebound.
17:55 of 2nd period - Wrist shot by Riley Armstrong.
17:55 of 2nd period - Deflect By Michael Haley.
17:55 of 2nd period - Stopped by Tuukka Rask with a rebound.
18:23 of 2nd period - Slapshot by Joe Pavelski.
18:23 of 2nd period - Stopped by James Reimer with a rebound.
18:43 of 2nd period - Slapshot by Thomas Vanek.
18:43 of 2nd period - Stopped by James Reimer without a rebound.
18:44 of 2nd period - Mike Richards wins face-off versus Ryan Getzlaf in Red Wings zone.
18:57 of 2nd period - Snap shot by Connor Brown.
18:57 of 2nd period - Shot Blocked by Mikko Koivu.
18:59 of 2nd period - Wrist shot by Ryan O'Byrne.
18:59 of 2nd period - Stopped by Tuukka Rask without a rebound.
19:00 of 2nd period - Roman Josi wins face-off versus Nick Bjugstad in Capitals zone.
19:11 of 2nd period - Slapshot by Torey Krug.
19:11 of 2nd period - Stopped by James Reimer with a rebound.
19:13 of 2nd period - Wrist shot by T.J. Oshie.
19:13 of 2nd period - Shot Misses the Net.
19:50 of 2nd period - Snap shot by T.J. Oshie.
19:50 of 2nd period - Shot Hit the Post.
Goals for this period are 2 for Capitals vs 0 for Red Wings.
Shots for this period are 15 for Capitals vs 17 for Red Wings.
3rd period
0:01 of 3rd period - Ryan Getzlaf wins face-off versus Mike Richards in neutral zone.
0:08 of 3rd period - Wrist shot by Brian McGrattan.
0:08 of 3rd period - Shot Misses the Net.
0:29 of 3rd period - Snap shot by Thomas Vanek.
0:29 of 3rd period - Shot Misses the Net.
1:15 of 3rd period - Snap shot by Tye McGinn.
1:15 of 3rd period - Stopped by Tuukka Rask with a rebound.
1:17 of 3rd period - Slapshot by Ryan O'Byrne.
1:17 of 3rd period - Deflect By Jordin Tootoo.
1:17 of 3rd period - Stopped by Tuukka Rask without a rebound.
1:18 of 3rd period - Mike Richards wins face-off versus Ryan Getzlaf in Capitals zone.
1:21 of 3rd period - Snap shot by Connor Brown.
1:21 of 3rd period - Shot Misses the Net.
1:27 of 3rd period - Backhand shot by Ryan Getzlaf.
1:27 of 3rd period - Shot Misses the Net.
1:29 of 3rd period - Wrist shot by Brian McGrattan.
1:29 of 3rd period - Shot Misses the Net.
1:31 of 3rd period - Slapshot by Ryan Suter.
1:31 of 3rd period - Shot Blocked by Connor Brown.
1:33 of 3rd period - Slapshot by Mikko Koivu.
1:33 of 3rd period - Stopped by James Reimer with a rebound.
1:45 of 3rd period - Snap shot by Joe Pavelski.
1:45 of 3rd period - Shot Blocked by Petr Pohl.
1:47 of 3rd period - Slapshot by Dan Hamhuis.
1:47 of 3rd period - Shot Misses the Net.
1:51 of 3rd period - Snap shot by Joe Pavelski.
1:51 of 3rd period - Goal by Joe Pavelski - Capitals : 3 - Red Wings : 3.
1:52 of 3rd period - Ryan Getzlaf wins face-off versus Mike Richards in neutral zone.
2:02 of 3rd period - Off-side.
2:03 of 3rd period - Ryan Getzlaf wins face-off versus Mike Richards in neutral zone.
2:20 of 3rd period - Slapshot by Alex Picard.
2:20 of 3rd period - Shot Blocked by Dan Hamhuis.
2:36 of 3rd period - Slapshot by Thomas Vanek.
2:36 of 3rd period - Deflect By Patrick Sharp.
2:36 of 3rd period - Shot Misses the Net.
2:36 of 3rd period - Puck is out of play.
2:37 of 3rd period - Patrick Sharp wins face-off versus David Krejci in Red Wings zone.
3:19 of 3rd period - Wrist shot by Patrick Sharp.
3:19 of 3rd period - Shot Blocked by Andrew Alberts.
3:21 of 3rd period - Slapshot by Jeff Skinner.
3:21 of 3rd period - Stopped by James Reimer without a rebound.
3:22 of 3rd period - Nick Bjugstad wins face-off versus Ryan Getzlaf in Red Wings zone.
3:22 of 3rd period - Nick Bjugstad is hit by Torey Krug.
3:44 of 3rd period - Minor Penalty to Mikko Koivu for Goalie Interference.
3:45 of 3rd period - Mike Richards wins face-off versus Joe Thornton in Capitals zone.
3:54 of 3rd period - Snap shot by Connor Brown.
3:54 of 3rd period - Stopped by Tuukka Rask with a rebound.
4:22 of 3rd period - Wrist shot by Tye McGinn.
4:22 of 3rd period - Shot Blocked by PK Subban.
4:32 of 3rd period - Connor Brown is hit by Brent Burns and loses puck.
5:44 of 3rd period - Penalty to Mikko Koivu is over, Mikko Koivu is back on ice.
6:40 of 3rd period - Minor Penalty to David Krejci for Hooking.
6:41 of 3rd period - Ryan Getzlaf wins face-off versus Carson Mcmillan in Red Wings zone.
8:40 of 3rd period - Penalty to David Krejci is over, David Krejci is back on ice.
9:14 of 3rd period - Snap shot by Jordin Tootoo.
9:14 of 3rd period - Shot Misses the Net.
11:20 of 3rd period - Brent Burns is hit by Carson Mcmillan and loses puck.
12:14 of 3rd period - Ryan O'Byrne is hit by Joe Pavelski and loses puck.
12:27 of 3rd period - Petr Pohl is hit by Thomas Vanek and loses puck.
12:49 of 3rd period - Torey Krug is hit by Tye McGinn.
12:59 of 3rd period - Dan Hamhuis is hit by Mike Richards and loses puck.
13:06 of 3rd period - Snap shot by Alex Picard.
13:06 of 3rd period - Stopped by Tuukka Rask without a rebound.
13:07 of 3rd period - Mike Richards wins face-off versus Mikko Koivu in Capitals zone.
13:20 of 3rd period - Slapshot by Ryan Suter.
13:20 of 3rd period - Stopped by James Reimer with a rebound.
13:24 of 3rd period - Snap shot by PK Subban.
13:24 of 3rd period - Shot Misses the Net.
13:40 of 3rd period - Snap shot by Jordin Tootoo.
13:40 of 3rd period - Shot Blocked by Brent Burns.
13:46 of 3rd period - Slapshot by Tye McGinn.
13:46 of 3rd period - Stopped by Tuukka Rask with a rebound.
14:04 of 3rd period - Michael Haley is hit by Josh Manson and loses puck.
14:09 of 3rd period - Wrist shot by T.J. Oshie.
14:09 of 3rd period - Shot Misses the Net.
14:11 of 3rd period - Slapshot by T.J. Oshie.
14:11 of 3rd period - Shot Misses the Net.
14:41 of 3rd period - Mike Richards is hit by Torey Krug and loses puck.
14:52 of 3rd period - Wrist shot by Connor Brown.
14:52 of 3rd period - Deflect By Mike Richards.
14:52 of 3rd period - Shot Misses the Net.
14:52 of 3rd period - Puck is out of play.
14:53 of 3rd period - Nick Bjugstad wins face-off versus Patrick Sharp in Capitals zone.
15:02 of 3rd period - Snap shot by Tye McGinn.
15:02 of 3rd period - Shot Misses the Net.
15:41 of 3rd period - Wrist shot by Connor Brown.
15:41 of 3rd period - Shot Blocked by Mikko Koivu.
15:43 of 3rd period - Slapshot by Philip Samuelsson.
15:43 of 3rd period - Stopped by Tuukka Rask without a rebound.
15:44 of 3rd period - Jeff Skinner wins face-off versus Mike Richards in Capitals zone.
15:51 of 3rd period - Jeff Skinner is hit by Alex Picard.
15:59 of 3rd period - Mike Richards is hit by Jeff Skinner and loses puck.
16:48 of 3rd period - T.J. Oshie is hit by Mike Richards and loses puck.
17:32 of 3rd period - Icing by Andrew Alberts.
17:33 of 3rd period - Mike Richards wins face-off versus Patrick Sharp in Red Wings zone.
17:52 of 3rd period - Snap shot by Connor Brown.
17:52 of 3rd period - Shot Blocked by Torey Krug.
17:54 of 3rd period - Slapshot by Andrew Alberts.
17:54 of 3rd period - Deflect By Alex Picard.
17:54 of 3rd period - Stopped by Tuukka Rask with a rebound.
17:56 of 3rd period - Slapshot by Mike Richards.
17:56 of 3rd period - Stopped by Tuukka Rask with a rebound.
17:58 of 3rd period - Snap shot by Connor Brown.
17:58 of 3rd period - Stopped by Tuukka Rask with a rebound.
18:06 of 3rd period - Backhand shot by Connor Brown.
18:06 of 3rd period - Stopped by Tuukka Rask without a rebound.
18:07 of 3rd period - Mikko Koivu wins face-off versus David Krejci in Capitals zone.
19:02 of 3rd period - Icing by Jiri Fischer.
19:03 of 3rd period - Chris Kelly wins face-off versus Patrick Sharp in Red Wings zone.
19:08 of 3rd period - Thomas Vanek is hit by Tye McGinn.
19:36 of 3rd period - Icing by Brent Burns.
19:37 of 3rd period - Chris Kelly wins face-off versus Patrick Sharp in Capitals zone.
Goals for this period are 1 for Capitals vs 0 for Red Wings.
Shots for this period are 4 for Capitals vs 10 for Red Wings.
Overtime #1
0:01 of 1st overtime period - Mike Richards wins face-off versus Joe Thornton in neutral zone.
0:42 of 1st overtime period - Snap shot by Nick Bjugstad.
0:42 of 1st overtime period - Stopped by Tuukka Rask without a rebound.
0:43 of 1st overtime period - Mike Richards wins face-off versus Thomas Vanek in Capitals zone.
0:44 of 1st overtime period - Wrist shot by Connor Brown.
0:44 of 1st overtime period - Stopped by Tuukka Rask with a rebound.
0:46 of 1st overtime period - Backhand shot by Ryan O'Byrne.
0:46 of 1st overtime period - Stopped by Tuukka Rask without a rebound.
0:47 of 1st overtime period - Mike Richards wins face-off versus Joe Thornton in Capitals zone.
2:31 of 1st overtime period - Alex Picard is hit by Brent Burns.
2:55 of 1st overtime period - Ryan O'Byrne is hit by Torey Krug.
3:15 of 1st overtime period - PK Subban is hit by Andrew Alberts and loses puck.
4:30 of 1st overtime period - Tye McGinn is hit by Mikko Koivu and loses puck.
Goals for this period are 0 for Capitals vs 0 for Red Wings.
Shots for this period are 0 for Capitals vs 3 for Red Wings.
ShootOut
5:00 of 1st overtime period - Round #1.
5:00 of 1st overtime period - Capitals, Joe Thornton.
5:00 of 1st overtime period - Snap shot by Joe Thornton.
5:00 of 1st overtime period - Stopped by James Reimer.
5:00 of 1st overtime period - Red Wings, Mike Richards.
5:00 of 1st overtime period - Snap shot by Mike Richards.
5:00 of 1st overtime period - Stopped by Tuukka Rask.
5:00 of 1st overtime period - Round #2.
5:00 of 1st overtime period - Capitals, Joe Pavelski.
5:00 of 1st overtime period - Wrist shot by Joe Pavelski.
5:00 of 1st overtime period - Stopped by James Reimer.
5:00 of 1st overtime period - Red Wings, Carson Mcmillan.
5:00 of 1st overtime period - Wrist shot by Carson Mcmillan.
5:00 of 1st overtime period - Stopped by Tuukka Rask.
5:00 of 1st overtime period - Round #3.
5:00 of 1st overtime period - Capitals, Thomas Vanek.
5:00 of 1st overtime period - Deke by Thomas Vanek.
5:00 of 1st overtime period - Stopped by James Reimer.
5:00 of 1st overtime period - Red Wings, Nick Bjugstad.
5:00 of 1st overtime period - Wrist shot by Nick Bjugstad.
5:00 of 1st overtime period - Stopped by Tuukka Rask.
5:00 of 1st overtime period - Round #4.
5:00 of 1st overtime period - Capitals, Patrick Sharp.
5:00 of 1st overtime period - Snap shot by Patrick Sharp.
5:00 of 1st overtime period - Stopped by James Reimer.
5:00 of 1st overtime period - Red Wings, Alex Picard.
5:00 of 1st overtime period - Backhand shot by Alex Picard.
5:00 of 1st overtime period - Goal by Alex Picard.
Back to the Top